 Dungeon Sprint DCSS version 0.28-a0-1429-gf3d713df7a (webtiles) character file.

Game seed: 14862130871132160392

5602 jt the Imperceptible (level 10, -15/99 HPs)
             Began as a Naga Abyssal Knight on Jan 8, 2022.
             Was the Champion of Lugonu.
             Demolished by Agnes (46 damage)
             ... in the Dungeon (Sprint IV: "Fedhas' Mad Dash").
             The game lasted 00:08:49 (1416 turns).

jt the Imperceptible (Naga Abyssal Knight)          Turns: 1416, Time: 00:08:49

Health: -15/99     AC:  7    Str: 16    XL:     10   Next: 73%
Magic:  0/22       EV:  9    Int: 10    God:    Lugonu [******]
Gold:   58         SH:  3    Dex: 16    Spells: 7/9 levels left

rFire   . . .      SeeInvis +   o - +8 demon blade "Leech" {vamp, Harm Drain rN+}
rCold   . . .      Faith    .   m - +0 buckler
rNeg    + . .      Spirit   .   b - +0 leather armour
rPois   +          Reflect  .   (no helmet)
rElec   .          Harm     +   q - +1 cloak
rCorr   .          Rampage  .   (no gloves)
Will    +....      NoTele   +   (no barding)
Stlth   ++++++++..              i - amulet of invisibility {+Inv}
HPRegen 0.26/turn               (no ring)
MPRegen 0.18/turn               (no ring)

@: short of breath, hasted, studying Crossbows, quick
A: AC +3, large, see invisible, deformed body, poison resistance, slowness 2,
spit poison 1, naga tail 1
a: Spit Poison, Renounce Religion, Evoke Invisibility, Bend Space, Banish,
Corrupt, Brand Weapon With Distortion


You were in the Dungeon.
You worshipped Lugonu.
Lugonu was exalted by your worship.
You visited 1 branch You collected 268 gold pieces.
You spent 210 gold pieces at shops.

Inventory:

Hand Weapons
 a - a +1 short sword
 g - a +0 dagger
 l - a +0 rapier
 n - a +0 hand axe
 o - the +8 demon blade "Leech" (weapon) {vamp, Harm Drain rN+}
   (You found it in the Dungeon)

   It heals its wielder for a portion of the damage dealt every time it strikes
   a living foe.
   rN:        It protects you from negative energy.
   Drain:     It drains your maximum health when unequipped.
   Harm:      It increases damage dealt and taken.
 p - a +4 broad axe of draining
Armour
 b - a +0 leather armour (worn)
 m - a +0 buckler (worn)
 q - a +1 cloak (worn)
Jewellery
 i - the amulet of invisibility (around neck) {+Inv}
   (You found it in the Dungeon)

   [amulet of nothing]

   +Inv:      It lets you turn invisible.
Scrolls
 j - a scroll of identify
Potions
 c - a potion of curing
 f - 2 potions of magic
 k - a potion of might


   Skills:
 - Level 9.0 Fighting
 - Level 8.6(9.2) Short Blades
 + Level 4.8(7.3) Long Blades
 - Level 1.5 Armour
 - Level 0.7 Dodging
 + Level 22.9 Stealth
 + Level 0.0 Shields
 * Level 16.5 Invocations


You had 7 spell levels left.
You knew the following spells:

 Your Spells              Type           Power      Damage    Failure   Level
a - Poisonous Vapours     Pois/Air       0%         N/A       65%         2

Your spell library contained the following spells:

 Spells                   Type           Power      Damage    Failure   Level
 Beastly Appendage        Tmut           0%         N/A       52%         1
 Magic Dart               Conj           0%         1d3       52%         1
 Call Imp                 Summ           0%         N/A       65%         2
 Corpse Rot               Necr/Air       0%         N/A       65%         2
 Wereblood                Tmut           0%         N/A       65%         2
 Mephitic Cloud           Conj/Pois/Air  0%         N/A       87%         3
 Spider Form              Tmut/Pois      0%         N/A       87%         3


Dungeon Overview and Level Annotations

Branches:
Dungeon (1/1)

Altars:
Cheibriados
Dithmenos
Elyvilon
Gozag
Hepliaklqana
Kikubaaqudgha
Makhleb
Nemelex Xobeh
Okawaru
Qazlal
Ru
Sif Muna
Trog
Uskayaw
Vehumet
Wu Jian
Xom
Yredelemnul
Zin
The Shining One
Beogh
Jiyva
Lugonu

Shops:
D [(:[:(:[

Annotations:
D Agnes


Innate Abilities, Weirdness & Mutations

Your serpentine skin is tough. (AC +3)
You have supernaturally acute eyesight. (SInv)
Armour fits poorly on your strangely shaped body.
Your system is resistant to poisons. (rPois)
You cover ground very slowly.
You can spit poison.
You have a snake-like lower body.


Message History

Agnes is moderately wounded.
You block Agnes's attack.
Agnes shouts, "I will kick you around like a rattan ball!"
You block Agnes's attack.
Press: ? - help, v - describe, . - travel
Here: Agnes, wielding a +2 antimagic lajatang and wearing a +0 robe (moderately wounded)
The floor, spattered with blood.
Blink to where?
Press: ? - help, Dir - move target
As you read the scroll of blinking, it crumbles to dust.
Okay, then.
Aiming: Spit Poison (1% risk of failure)
Press: ? - help, Shift-Dir - straight line, f - Agnes
Aim: Agnes, wielding a +2 antimagic lajatang and wearing a +0 robe (moderately wounded)
The splash of poison misses Agnes.
You feel yourself speed up.
You feel much better.
Agnes hits you with a +2 antimagic lajatang!
You feel your power leaking away.
You closely miss Agnes.
Agnes is moderately wounded.
Agnes closely misses you.
You aren't carrying any items that you can evoke.
You slash Agnes!
You feel better.
Agnes is heavily wounded.
Agnes hits you with a +2 antimagic lajatang!!
* * * LOW HITPOINT WARNING * * *
Press: ? - help, v - describe, . - travel
Here: Agnes, wielding a +2 antimagic lajatang and wearing a +0 robe (heavily wounded)
The floor, spattered with blood.
You slash Agnes!
You feel better.
Agnes is severely wounded.
Agnes barely misses you.
Press: ? - help, v - describe, . - travel
Here: Agnes, wielding a +2 antimagic lajatang and wearing a +0 robe (severely wounded)
The floor, spattered with blood.
You barely miss Agnes.
Agnes is severely wounded.
Agnes hits you with a +2 antimagic lajatang!!!
You die...

#################################
..#.⌠._._._._.⌠.#..[...#....##∩##
..'.._._._._._..'..#...#....'..##
..#..._._._._...#..###'##...##∩#.
'##.._._._._._..#..##∩∩.'...#####
..#._._._._._.⌠.#################
..###################....).###...
###♣♣♣♣♣..♣)###.@..'......[')'...
.'......♣..♣##..#i.#.P.....######
.#♣..♣♣♣.♣).###.##'##.P....#
.#.♣♣..♣...♣'...#♣.♣######## ###
#############.....####
#..♣..♣....# #.i.♣......♣...
......♣.....∩.∩..
#################


You could see Agnes.

Vanquished Creatures
  A spriggan druid (D)
  5 oklob plants (D)
  A demonic crawler (D)
  2 burning bushes (D)
  A queen bee (D)
  3 wandering mushrooms (D)
  A hornet (D)
  3 scorpions (D)
  A killer bee (D)
  5 oklob saplings (D)
  5 spriggans (D)
  A river rat (D)
  A rat (D)
  A ballistomycete spore (D)
31 creatures vanquished.

Notes
Turn   | Place    | Note
-------+----------+-------------------------------------------
     0 | D        | jt the Naga Abyssal Knight began the quest for the Orb.
     0 | D        | Reached XP level 1. HP: 21/21 MP: 2/2
    10 | D        | Reached ** piety under Lugonu
    11 | D        | Reached skill level 6 in Stealth
    11 | D        | Reached XP level 2. HP: 28/28 MP: 3/3
    18 | D        | Noticed an oklob sapling
    19 | D        | Killed an oklob sapling
    20 | D        | Reached skill level 9 in Stealth
    20 | D        | Reached XP level 3. HP: 34/34 MP: 4/4
    21 | D        | Noticed a scorpion
    21 | D        | Found the amulet of invisibility {+Inv}
    23 | D        | Killed a scorpion
    24 | D        | Reached skill level 13 in Stealth
    24 | D        | Reached XP level 4. HP: 42/42 MP: 5/5
    47 | D        | Found an opulent altar of Gozag.
    47 | D        | Found a hazy altar of Hepliaklqana.
    47 | D        | Found a snail-covered altar of Cheibriados.
    48 | D        | Found a viscous altar of Jiyva.
    48 | D        | Found a burning altar of Makhleb.
    48 | D        | Found a sparkling altar of Nemelex Xobeh.
    48 | D        | Found a sacrificial altar of Ru.
    48 | D        | Found a shimmering blue altar of Sif Muna.
    48 | D        | Found a bloodstained altar of Trog.
    48 | D        | Found an ornate altar of the Wu Jian Council.
    48 | D        | Found a shimmering altar of Xom.
    48 | D        | Found a basalt altar of Yredelemnul.
    48 | D        | Noticed an oklob sapling priest
    49 | D        | Found an iron altar of Okawaru.
    49 | D        | Found a shadowy altar of Dithmenos.
    49 | D        | Found a glowing silver altar of Zin.
    50 | D        | Found an ancient bone altar of Kikubaaqudgha.
    50 | D        | Found a hide-covered altar of Uskayaw.
    51 | D        | Found a stormy altar of Qazlal.
    51 | D        | Found a white marble altar of Elyvilon.
    51 | D        | Found a glowing golden altar of the Shining One.
    52 | D        | Found a corrupted altar of Lugonu.
    52 | D        | Found a radiant altar of Vehumet.
    55 | D        | Killed an oklob sapling priest
    56 | D        | Reached skill level 15 in Stealth
    56 | D        | Reached XP level 5. HP: 49/49 MP: 4/6
    84 | D        | Reached skill level 16 in Stealth
   116 | D        | Reached *** piety under Lugonu
   117 | D        | Reached skill level 17 in Stealth
   156 | D        | Reached XP level 6. HP: 45/56 MP: 6/9
   159 | D        | Reached skill level 5 in Invocations
   182 | D        | Found Udipsok's Antique Weapon Shop.
   182 | D        | Found Ummadd's Antique Armour Emporium.
   330 | D        | Noticed a burning bush
   330 | D        | Noticed a wandering mushroom
   331 | D        | Noticed a wandering mushroom
   333 | D        | Killed a wandering mushroom
   333 | D        | Reached **** piety under Lugonu
   334 | D        | Reached skill level 18 in Stealth
   334 | D        | Reached XP level 7. HP: 66/66 MP: 7/12
   335 | D        | Killed a burning bush
   336 | D        | Reached skill level 5 in Fighting
   336 | D        | Reached skill level 5 in Short Blades
   337 | D        | Reached skill level 19 in Stealth
   338 | D        | Killed a wandering mushroom
   339 | D        | Reached XP level 8. HP: 78/78 MP: 8/15
   342 | D        | Found Getzywiq's Book Shoppe.
   343 | D        | Found Doeloy Zeeq's Weapon Emporium.
   352 | D        | Learned a level 2 spell: Poisonous Vapours
   394 | D        | Noticed a queen bee
   399 | D        | Reached ***** piety under Lugonu
   400 | D        | Reached skill level 10 in Invocations
   508 | D        | Killed a queen bee
   527 | D        | Noticed an oklob plant
   529 | D        | Killed an oklob plant
   530 | D        | Reached skill level 20 in Stealth
   530 | D        | Reached XP level 9. HP: 87/87 MP: 14/17
   540 | D        | Found the +8 demon blade "Leech" {vamp, Harm Drain rN+}
   541 | D        | Noticed a burning bush
   545 | D        | Banished a burning bush
   563 | D        | Noticed a burning bush
   563 | D        | Noticed an oklob plant
   564 | D        | Noticed a wandering mushroom
   565 | D        | Killed a burning bush
   570 | D        | Killed an oklob plant
   571 | D        | Reached skill level 21 in Stealth
   574 | D        | Killed a wandering mushroom
   587 | D        | Noticed a spriggan druid
   594 | D        | HP: 4/91 [spriggan druid (20)]
   595 | D        | Killed a spriggan druid
   596 | D        | Reached XP level 10. HP: 9/99 MP: 20/20
   943 | D        | Noticed an oklob plant conjurer
   945 | D        | Killed an oklob plant conjurer
   945 | D        | Reached ****** piety under Lugonu
  1031 | D        | Bought an embroidered cloak for 210 gold pieces
  1105 | D        | Noticed an oklob plant
  1106 | D        | Noticed an oklob plant shifter
  1106 | D        | Noticed an oklob plant summoner
  1112 | D        | Killed an oklob plant summoner
  1113 | D        | Reached skill level 1 in Long Blades
  1113 | D        | Reached skill level 22 in Stealth
  1113 | D        | Reached skill level 15 in Invocations
  1116 | D        | Killed an oklob plant shifter
  1119 | D        | Banished an oklob plant
  1200 | D        | Noticed a demonic crawler
  1204 | D        | Killed a demonic crawler
  1213 | D        | Noticed a spriggan rider
  1214 | D        | Found Feqofac's Book Emporium.
  1215 | D        | Found Jarigep's Armour Shoppe.
  1400 | D        | Noticed Agnes
  1402 | D        | Found Bapsu's Book Emporium.
  1402 | D        | Noticed a spriggan berserker
  1404 | D        | Found Pukuoh's Armour Shoppe.
  1416 | D        | Demolished by Agnes

Illustrated notes

Levels and vault maps discovered:
D:        dungeon_sprint_fedhas [sprint_temple]

Skill      XL: |  1  2  3  4  5  6  7  8  9 10 |
---------------+-------------------------------+-----
Stealth        | 6 9 13 15 17 18 19 20 21 22 | 22.9
Invocations    | 4 7 9 11 14 16 | 16.5
Fighting       | 4 6 7 9 |  9.0
Short Blades   | 4 5 7 8 |  8.6
Long Blades    | 4 |  4.8
Armour         | |  1.5
Dodging        | |  0.7

Action                   |  1- 3 |  4- 6 |  7- 9 | 10-12 || total
-------------------------+-------+-------+-------+-------++-------
Melee: Short sword       |     3 |     9 |    10 |       ||    22
       Demon blade       |       |       |     7 |    33 ||    40
Invok: Banish            |       |       |     4 |     1 ||     5
 Abil: Spit Poison       |     1 |     1 |     4 |     2 ||     8
       Evoke Invisibilit |       |     4 |     4 |     2 ||    10
  Use: Potion            |       |     1 |       |     2 ||     3
       Scroll            |       |       |       |     3 ||     3
 Stab: Sleeping          |     2 |     4 |     8 |     7 ||    21
       Invisible         |       |       |       |     3 ||     3
       Distracted        |       |       |       |     1 ||     1
Armor: Leather armour    |       |       |       |     4 ||     4
Dodge: Dodged            |       |     3 |     4 |     6 ||    13
Block: Buckler           |       |       |       |     2 ||     2

Table legend: (Time is in decaauts)
 A = Elapsed time spent in this place.
 B = Non-inter-level travel time spent in this place.
 C = Inter-level travel time spent in this place.
 D = Time resting spent in this place.
 E = Time spent auto-exploring this place.
 F = Levels seen in this place.
 G = Mean time per level.
                   A        B        C        D        E       F      G
               +--------+--------+--------+--------+--------+-----+--------+
         Total |   1608 |   1425 |    183 |    751 |      0 |   1 | 1608.0 |
       Dungeon |   1608 |   1425 |    183 |    751 |      0 |   1 | 1608.0 |
               +--------+--------+--------+--------+--------+-----+--------+

Top non-repeatable levels by time:
       D: 1608 daAuts
